PUBAA
TERRY'S BATS @ SPOKANE WORDS
06/09/1972
 
TOP OF THE 1ST
Terry's Bats batting - Pitching for Spokane Words : RHP José Luna
Pitching: RHP José Luna
Batting: LHB Jim Davis 0-0: Ball
1-0: Foul Ball, location: 2F
1-1: SINGLE (Groundball, 34D, EV 99.4 MPH)
Batting: RHB Rich Severson 0-0: Called Strike
0-1: Ball
Jim Davis steals 2nd base (no throw)
1-1: DOUBLE (Line Drive, 89D, EV 98.1 MPH)
Jim Davis scores
Batting: LHB Sancho Deleón 0-0: Ball
1-0: Ball
2-0: Ball
3-0: Base on Balls
Batting: RHB William Williams 0-0: Called Strike
0-1: Ball
1-1: Ball
2-1: SINGLE (Groundball, 6MD, EV 97.5 MPH)
Rich Severson to third
Sancho Deleón to second
Batting: LHB Sabeeh Abdul-Nasir 0-0: Ball
1-0: Swinging Strike
1-1: DOUBLE (Line Drive, 5D, EV 99.4 MPH)
Rich Severson scores
Sancho Deleón scores
William Williams to third
Runner from 3rd tries for Home, SAFE, no throw by LF
Batting: RHB Jon Compton 0-0: Ball
1-0: Foul Ball, location: 2F
1-1: Ball
2-1: Foul Ball, location: 5DF
2-2: Foul Ball, location: 9LDF
2-2: Foul Ball, location: 9LSF
2-2: SINGLE (Groundball, 6MD, EV 100.6 MPH)
Sabeeh Abdul-Nasir to third
Batting: LHB Dave Wilson 0-0: Ball
1-0: Swinging Strike
1-1: Grounds into double play, 3-6-3 (Groundball, 3, EV 106.3 MPH)
Sabeeh Abdul-Nasir scores
Batting: SHB Darrel Chaney 0-0: Foul Ball, location: 23F
0-1: Swinging Strike
0-2: Ball
1-2: Strikes out swinging
Top of the 1st over - 5 runs, 5 hits, 0 errors, 0 left on base; Terry's 5 - Spokane 0
BOTTOM OF THE 1ST
Spokane Words batting - Pitching for Terry's Bats : LHP Rodney Watson
Pitching: LHP Rodney Watson
Batting: LHB David Marroquín 0-0: Ball
1-0: Foul Ball, location: 9LMFF
1-1: Ground out 1-3 (Groundball, 34S, EV 61.3 MPH)
Batting: RHB Jim Wohlford 0-0: Called Strike
0-1: Hit by Pitch
Batting: RHB David Thomas 0-0: Ball
Jim Wohlford is caught stealing 2nd base 2-4
1-0: Ball
2-0: Ball
3-0: Called Strike
3-1: Foul Ball, location: 2F
3-2: Fly out, F8 (Flyball, 8LXD, EV 99.4 MPH)
Bottom of the 1st over - 0 runs, 0 hits, 0 errors, 0 left on base; Terry's 5 - Spokane 0
TOP OF THE 2ND
Terry's Bats batting - Pitching for Spokane Words : RHP José Luna
Batting: RHB Ron Cey 0-0: Ball
1-0: Swinging Strike
1-1: Foul Ball, location: 3SF
1-2: Foul Ball, location: 23F
1-2: Foul Ball, location: 5DF
1-2: Strikes out swinging
Batting: LHB Jim Davis 0-0: Fly out, F7 (Flyball, 7LD, EV 95.6 MPH)
Batting: RHB Rich Severson 0-0: Ball
1-0: SINGLE (Line Drive, 9S, EV 99.4 MPH)
Batting: LHB Sancho Deleón 0-0: Ball
1-0: Ball
2-0: Swinging Strike
2-1: Ball
3-1: Called Strike
3-2: Base on Balls
Rich Severson to second
Batting: RHB William Williams 0-0: Swinging Strike
0-1: Ball
1-1: Swinging Strike
1-2: Foul Ball, location: 2F
1-2: Ground out 3-1 (Groundball, 34S, EV 92.5 MPH)
Top of the 2nd over - 0 runs, 1 hit, 0 errors, 2 left on base; Terry's 5 - Spokane 0
BOTTOM OF THE 2ND
Spokane Words batting - Pitching for Terry's Bats : LHP Rodney Watson
Batting: RHB Paul Trewin 0-0: Called Strike
0-1: Foul Ball, location: 7LMFF
0-2: Strikes out swinging
Batting: LHB Myeong-hun Han 0-0: Ball
1-0: Called Strike
1-1: Called Strike
1-2: Strikes out swinging, 2-3 out at first.
Batting: RHB Brent Miller 0-0: Ball
1-0: Fly out, F9 (Flyball, 9LMF, EV 105.6 MPH)
Bottom of the 2nd over - 0 runs, 0 hits, 0 errors, 0 left on base; Terry's 5 - Spokane 0
TOP OF THE 3RD
Terry's Bats batting - Pitching for Spokane Words : RHP José Luna
Batting: LHB Sabeeh Abdul-Nasir 0-0: DOUBLE (Flyball, 8RXD, EV 98.1 MPH)
Batting: RHB Jon Compton 0-0: Fly out, F8 (Line Drive, 8RM, EV 90.0 MPH)
Batting: LHB Dave Wilson 0-0: Ball
1-0: Foul Ball, location: 2F
1-1: Ball
2-1: Ground out U3 (Groundball, 3S, EV 63.8 MPH)
Sabeeh Abdul-Nasir to third
Batting: SHB Darrel Chaney 0-0: Ball
1-0: SINGLE (Groundball, 4D, EV 102.5 MPH)
Sabeeh Abdul-Nasir scores
Pitching: RHP Earl Riley
Batting: RHB Ron Cey 0-0: Foul Ball, location: 3SF
0-1: Swinging Strike
0-2: Foul Ball, location: 9LDF
0-2: Ball
1-2: Fly out, F4 (Popup, 13, EV 80.6 MPH)
Top of the 3rd over - 1 run, 2 hits, 0 errors, 1 left on base; Terry's 6 - Spokane 0
BOTTOM OF THE 3RD
Spokane Words batting - Pitching for Terry's Bats : LHP Rodney Watson
Batting: LHB Tim Gates 0-0: Foul Ball, location: 23F
0-1: Swinging Strike
0-2: Strikes out swinging, 2-3 out at first.
Batting: RHB Dave Roberts 0-0: Called Strike
0-1: Ground out 6-3 (Groundball, 6S, EV 81.3 MPH)
Batting: RHB Joe Rombouts 0-0: Foul Ball, location: 5FF
0-1: Foul Ball, location: 9LMFF
0-2: Ground out 4-3 (Groundball, 4, EV 85.0 MPH)
Bottom of the 3rd over - 0 runs, 0 hits, 0 errors, 0 left on base; Terry's 6 - Spokane 0
TOP OF THE 4TH
Terry's Bats batting - Pitching for Spokane Words : RHP Earl Riley
Batting: LHB Jim Davis 0-0: Foul Ball, location: 25F
0-1: Ball
1-1: Ball
2-1: Foul Ball, location: 2F
2-2: Foul Ball, location: 2F
2-2: Foul Ball, location: 5FF
2-2: Ball
3-2: Base on Balls
Batting: RHB Rich Severson 0-0: Called Strike
Jim Davis steals 2nd base
0-1: Ball
1-1: Foul Ball, location: 2F
1-2: Ball
2-2: Foul Ball, location: 23FF
2-2: Foul Ball, location: 2F
2-2: Ball
3-2: Foul Ball, location: 5FF
3-2: SINGLE (Groundball, 6MD, EV 98.8 MPH)
Jim Davis to third
Batting: LHB Sancho Deleón 0-0: Called Strike
0-1: Ball
1-1: Swinging Strike
1-2: 3-RUN HOME RUN (Flyball, 78XD, EV 111.3 MPH), Distance : 428 ft
Batting: RHB William Williams 0-0: Ground out 5-3 (Groundball, 5, EV 78.1 MPH)
Batting: LHB Sabeeh Abdul-Nasir 0-0: Ball
1-0: SINGLE (Line Drive, 6MD, EV 106.3 MPH)
Batting: RHB Jon Compton 0-0: Foul Ball, location: 9LDF
0-1: Foul Ball, location: 3F
0-2: Ball
1-2: Strikes out swinging
Batting: LHB Dave Wilson 0-0: DOUBLE (Line Drive, 78D, EV 104.4 MPH)
Sabeeh Abdul-Nasir to third
Runner from 3rd tries for Home, throw by LF and OUT! 7-6-2
Top of the 4th over - 3 runs, 4 hits, 0 errors, 1 left on base; Terry's 9 - Spokane 0
BOTTOM OF THE 4TH
Spokane Words batting - Pitching for Terry's Bats : LHP Rodney Watson
Batting: LHB David Marroquín 0-0: Called Strike
0-1: Ball
1-1: Ball
2-1: SOLO HOME RUN (Flyball, 8LXD, EV 112.5 MPH), Distance : 432 ft
Batting: RHB Jim Wohlford 0-0: Foul Ball, location: 2F
0-1: Single, Error in OF, E8, batter to second base (Line Drive, 8RS, EV 101.3 MPH)
Batting: RHB David Thomas 0-0: 2-RUN HOME RUN (Flyball, 7LD, EV 95.6 MPH), Distance : 342 ft
Batting: RHB Paul Trewin 0-0: Ball
1-0: Ball
2-0: Called Strike
2-1: Swinging Strike
2-2: Ball
3-2: Foul Ball, location: 3F
3-2: Base on Balls
Batting: LHB Myeong-hun Han 0-0: Foul Ball, location: 2F
0-1: Ball
1-1: Hit by Pitch
Paul Trewin to second
Batting: RHB Brent Miller 0-0: Called Strike
0-1: Called Strike
0-2: 3-RUN HOME RUN (Flyball, 9D, EV 100.6 MPH), Distance : 372 ft
Batting: LHB Tim Gates 0-0: Ball
1-0: Ground out 4-3 (Groundball, 4, EV 92.5 MPH)
Batting: RHB Dave Roberts 0-0: Ball
1-0: Called Strike
1-1: Ball
2-1: Ball
3-1: Base on Balls
Batting: RHB Joe Rombouts 0-0: Ball
1-0: SINGLE (Line Drive, 4D, EV 100.0 MPH)
Dave Roberts to second
Pitching: RHP Danny Rice
Batting: LHB David Marroquín 0-0: Fly out, F8 (Line Drive, 8RD, EV 89.4 MPH)
Batting: RHB Jim Wohlford 0-0: Ball
1-0: Hit by Pitch
Dave Roberts to third
Joe Rombouts to second
Batting: RHB David Thomas 0-0: Swinging Strike
0-1: Ball
1-1: GRAND SLAM HOME RUN (Flyball, 7LD, EV 95.6 MPH), Distance : 358 ft
Batting: RHB Paul Trewin 0-0: Ball
1-0: Ball
2-0: Called Strike
2-1: Foul Ball, location: 5F
2-2: Fly out, F3 (Popup, 34, EV 72.5 MPH)
Bottom of the 4th over - 10 runs, 6 hits, 1 error, 0 left on base; Terry's 9 - Spokane 10
TOP OF THE 5TH
Terry's Bats batting - Pitching for Spokane Words : RHP Earl Riley
Batting: SHB Darrel Chaney 0-0: Fly out, F7 (Flyball, 7LMF, EV 91.3 MPH)
Batting: RHB Ron Cey 0-0: Ball
1-0: Ball
2-0: Foul Ball, location: 2F
2-1: Fly out, F6 (Popup, 6M, EV 72.5 MPH)
Batting: LHB Jim Davis 0-0: Ball
1-0: Ball
2-0: Ball
3-0: Called Strike
3-1: Ground out U3 (Groundball, 23, EV 90.6 MPH)
Top of the 5th over - 0 runs, 0 hits, 0 errors, 0 left on base; Terry's 9 - Spokane 10
BOTTOM OF THE 5TH
Spokane Words batting - Pitching for Terry's Bats : RHP Danny Rice
Batting: LHB Myeong-hun Han 0-0: Ball
1-0: Fly out, F7 (Flyball, 7, EV 95.6 MPH)
Batting: RHB Brent Miller 0-0: Swinging Strike
0-1: Ball
1-1: Ball
2-1: Foul Ball, location: 3F
2-2: Foul Ball, location: 3F
2-2: Foul Ball, location: 2F
2-2: Ball
3-2: Base on Balls
Batting: LHB Tim Gates 0-0: Ball
Brent Miller steals 2nd base
1-0: Ball
2-0: Called Strike
2-1: Ball
3-1: SINGLE (Line Drive, 6M, EV 105.6 MPH)
Brent Miller to third
Runner from 3rd tries for Home, SAFE, throw by CF to home
Tim Gates to second
Batting: RHB Dave Roberts 0-0: Called Strike
0-1: Ball
1-1: Foul Ball, location: 7LDF
1-2: Fly out, F7 (Flyball, 7, EV 88.8 MPH)
Batting: RHB Joe Rombouts 0-0: Ball
1-0: 2-RUN HOME RUN (Flyball, 78XD, EV 111.3 MPH), Distance : 422 ft
Pitching: RHP Bill Williams
Batting: LHB David Marroquín 0-0: Ball
1-0: Ball
2-0: Ball
3-0: Base on Balls
Batting: RHB Jim Wohlford 0-0: Called Strike
0-1: Called Strike
0-2: Ball
David Marroquín is caught stealing 2nd base 2-4
Bottom of the 5th over - 3 runs, 2 hits, 0 errors, 0 left on base; Terry's 9 - Spokane 13
TOP OF THE 6TH
Terry's Bats batting - Pitching for Spokane Words : RHP Earl Riley
Pitching: RHP Brett Long
Batting: RHB Rich Severson 0-0: Ball
1-0: Called Strike
1-1: Called Strike
1-2: Ball
2-2: Strikes out looking
Batting: LHB Sancho Deleón 0-0: Swinging Strike
0-1: Swinging Strike
0-2: Foul Ball, location: 7LMF
0-2: Ball
1-2: Ball
2-2: SOLO HOME RUN (Flyball, 89XD, EV 103.1 MPH), Distance : 409 ft
Batting: RHB William Williams 0-0: Called Strike
0-1: Foul Ball, location: 2F
0-2: Ball
1-2: Ball
2-2: Strikes out swinging
Batting: LHB Sabeeh Abdul-Nasir 0-0: Ball
1-0: Ball
2-0: Foul Ball, location: 5DF
2-1: Ball
3-1: Foul Ball, location: 2F
3-2: Foul Ball, location: 2F
3-2: Foul Ball, location: 2F
3-2: Ground out 6-3 (Groundball, 6, EV 101.9 MPH)
Top of the 6th over - 1 run, 1 hit, 0 errors, 0 left on base; Terry's 10 - Spokane 13
BOTTOM OF THE 6TH
Spokane Words batting - Pitching for Terry's Bats : RHP Bill Williams
Batting: RHB Jim Wohlford 0-0: Ball
1-0: Ball
2-0: Ball
3-0: Called Strike
3-1: SINGLE (Groundball, 13S, EV 67.5 MPH) (infield hit)
Batting: RHB David Thomas 0-0: Swinging Strike
0-1: Ball
1-1: Ball
2-1: Ball
3-1: Base on Balls
Jim Wohlford to second
Batting: RHB Paul Trewin 0-0: Called Strike
Jim Wohlford steals 3rd base
0-1: Called Strike
0-2: Strikes out swinging
Batting: LHB Myeong-hun Han 0-0: Ball
1-0: Ball
2-0: Called Strike
2-1: Ball
3-1: Base on Balls
David Thomas to second
Batting: RHB Brent Miller 0-0: Swinging Strike
0-1: Called Strike
0-2: Strikes out swinging
Batting: LHB Tim Gates 0-0: Swinging Strike
0-1: Foul Ball, location: 5DF
0-2: DOUBLE (Line Drive, 78D, EV 93.1 MPH)
Jim Wohlford scores
David Thomas scores
Myeong-hun Han to third
Batting: RHB Dave Roberts 0-0: Called Strike
0-1: Ball
1-1: Foul Ball, location: 2F
1-2: Foul Ball, location: 3DF
1-2: Strikes out swinging
Bottom of the 6th over - 2 runs, 2 hits, 0 errors, 2 left on base; Terry's 10 - Spokane 15
TOP OF THE 7TH
Terry's Bats batting - Pitching for Spokane Words : RHP Brett Long
Batting: RHB Jon Compton 0-0: Called Strike
0-1: Ball
1-1: Called Strike
1-2: Ball
2-2: Foul Ball, location: 2F
2-2: Foul Ball, location: 2F
2-2: Fly out, F4 (Popup, 4M, EV 63.8 MPH)
Batting: LHB Dave Wilson 0-0: Foul Ball, location: 2F
0-1: Swinging Strike
0-2: Strikes out looking
Batting: SHB Darrel Chaney 0-0: Called Strike
0-1: SINGLE (Line Drive, 4MD, EV 103.8 MPH)
Batting: RHB Ron Cey 0-0: Ball
1-0: Called Strike
1-1: Ground out 4-3 (Groundball, 4, EV 88.1 MPH)
Top of the 7th over - 0 runs, 1 hit, 0 errors, 1 left on base; Terry's 10 - Spokane 15
BOTTOM OF THE 7TH
Spokane Words batting - Pitching for Terry's Bats : RHP Bill Williams
Batting: RHB Joe Rombouts 0-0: Called Strike
0-1: Ball
1-1: Ball
2-1: Called Strike
2-2: Foul Ball, location: 2F
2-2: Ball
3-2: Base on Balls
Batting: LHB David Marroquín 0-0: Called Strike
0-1: Ball
1-1: DOUBLE (Flyball, 8LD, EV 109.4 MPH)
Joe Rombouts to third
Joe Rombouts scores
Pitching: RHP Walter Howard
Batting: RHB Jim Wohlford 0-0: Ground out 4-3 (Groundball, 4, EV 105.0 MPH)
David Marroquín to third
Batting: RHB David Thomas 0-0: SINGLE (Groundball, 6MD, EV 103.8 MPH)
David Marroquín scores
Pinch Hitting: RHB Ken Ross 0-0: Ball
1-0: Fly out, F6 (Popup, 6MS, EV 66.3 MPH)
Pinch Hitting: RHB Nacho Reyes 0-0: Ball
1-0: Foul Ball, location: 5FF
1-1: Fly out, F8 (Flyball, 8RD, EV 109.4 MPH)
Bottom of the 7th over - 2 runs, 2 hits, 0 errors, 1 left on base; Terry's 10 - Spokane 17
TOP OF THE 8TH
Terry's Bats batting - Pitching for Spokane Words : RHP Brett Long
Now at 1B: Ken Ross
Now in LF: Ray Ellis
Batting: LHB Jim Davis 0-0: Hit by Pitch
Pinch Hitting: LHB Joe Moock 0-0: Foul Ball, location: 2F
0-1: Ball
1-1: Fly out, F8 (Flyball, 78M, EV 85.0 MPH)
Pitching: RHP Javier Santos
Batting: LHB Sancho Deleón 0-0: Ball
1-0: Called Strike
1-1: Ball
2-1: Ball
3-1: Called Strike
3-2: Base on Balls
Jim Davis to second
Batting: RHB William Williams 0-0: Foul Ball, location: 2F
0-1: Ball
1-1: Swinging Strike
1-2: Ball
2-2: Ball
3-2: Strikes out looking
Batting: LHB Sabeeh Abdul-Nasir 0-0: Ball
1-0: DOUBLE (Line Drive, 78D, EV 103.1 MPH)
Jim Davis scores
Sancho Deleón to third
Runner from 3rd tries for Home, SAFE, throw by LF to trailing runner, SAFE at third!
Batting: RHB Jon Compton 0-0: Called Strike
0-1: Hit by Pitch
Batting: LHB Dave Wilson 0-0: Called Strike
0-1: Fly out, F9 (Line Drive, 9, EV 91.3 MPH)
Top of the 8th over - 2 runs, 1 hit, 0 errors, 2 left on base; Terry's 12 - Spokane 17
BOTTOM OF THE 8TH
Spokane Words batting - Pitching for Terry's Bats : RHP Walter Howard
Now at 2B: Ricardo Trujillo
Batting: RHB Brent Miller 0-0: Foul Ball, location: 9LDF
0-1: Ball
1-1: Ball
2-1: Foul Ball, location: 2F
2-2: Foul Ball, location: 9LDF
2-2: Ground out 4-3 (Groundball, 4, EV 83.1 MPH)
Batting: LHB Tim Gates 0-0: Called Strike
0-1: Hit by Pitch
Batting: RHB Dave Roberts 0-0: Ball
1-0: Called Strike
1-1: Ball
2-1: Foul Ball, location: 9LMF
2-2: TRIPLE (Line Drive, 78D, EV 109.4 MPH)
Tim Gates scores
Batting: RHB Joe Rombouts 0-0: Swinging Strike
0-1: Fly out, F5 (Popup, 25F, EV 86.9 MPH)
Batting: LHB David Marroquín 0-0: Ball
1-0: Ball
2-0: Called Strike
2-1: Foul Ball, location: 2F
2-2: Ball
3-2: Strikes out swinging
Bottom of the 8th over - 1 run, 1 hit, 0 errors, 1 left on base; Terry's 12 - Spokane 18
TOP OF THE 9TH
Terry's Bats batting - Pitching for Spokane Words : RHP Javier Santos
Batting: SHB Darrel Chaney 0-0: Ball
1-0: Foul Ball, location: 23F
1-1: Foul Ball, location: 23F
1-2: Strikes out swinging
Pinch Hitting: RHB Alex Hastings 0-0: SINGLE (Line Drive, 89S, EV 93.8 MPH)
Batting: LHB Jim Davis 0-0: Ball
1-0: Called Strike
1-1: Fly out, F8 (Flyball, 8RXD, EV 98.8 MPH)
Batting: RHB Ricardo Trujillo 0-0: Called Strike
0-1: Ball
1-1: Foul Ball, location: 7LSF
1-2: Fly out, F9 (Line Drive, 89M, EV 102.5 MPH)
Top of the 9th over - 0 runs, 1 hit, 0 errors, 1 left on base; Terry's 12 - Spokane 18
Wednesday, March 27th , 2024 - OOTP Baseball 24.8 Build 75